 Seeded DCSS version 0.28-a0-861-ge64d6db (webtiles) character file.

Game seed: 5443787579401994555 (custom seed)

158938 edsrzf the Brawler (level 16, -17/150 HPs)
             Began as a Demonspawn Fighter on Nov 14, 2021.
             Was an Elder of Cheibriados.
             Killed from afar by a deep elf knight (25 damage)
             ... with a shard of ice
             ... on level 1 of the Elven Halls on Nov 15, 2021.
             The game lasted 02:34:19 (41231 turns).

edsrzf the Brawler (Demonspawn Fighter)            Turns: 41231, Time: 02:34:22

Health: -17/150    AC: 18    Str: 28    XL:     16   Next: 88%
Magic:  25/26      EV: 18    Int: 29    God:    Cheibriados [****..]
Gold:   1186       SH:  4    Dex: 23    Spells: 6/29 levels left

rFire   . . .      SeeInvis +     - Unarmed
rCold   + . .      Faith    +   (shield currently unavailable)
rNeg    . . .      Spirit   .   r - +0 steam dragon scales
rPois   +          Reflect  .   P - +2 hat of the Garden {rPois Regen+ Dex-2 SInv}
rElec   .          Harm     .   Y - +0 cloak
rCorr   .          Rampage  .   (gloves currently unavailable)
Will    +....                   (boots unavailable)
Stlth   ++........              H - amulet of faith {!P}
HPRegen 1.35/turn               p - +4 ring of protection
MPRegen 0.20/turn               M - ring of Bygey {Fly rC+}

@: blade hands, flying, very slow
A: hooves 3, foul stench 2, icemail 1, robust 2, big brain 3, condensation
shield
}: 1/15 runes: barnacled
a: End Transformation, Renounce Religion, Bend Time, Temporal Distortion, Slouch


You were on level 1 of the Elven Halls.
You worshipped Cheibriados.
Cheibriados was greatly pleased with you.
You had blades for hands.
You visited 6 branches of the dungeon, and saw 29 of its levels.

You collected 2464 gold pieces.
You spent 1278 gold pieces at shops.

Inventory:

Missiles
 a - 12 curare-tipped darts (quivered)
 C - 6 throwing nets {=f}
 I - 4 boomerangs of dispersal
Armour
 b - a +0 buckler (melded)
 r - +0 steam dragon scales (worn)
 s - a +2 pair of gloves of strength (melded)
 P - the +2 hat of the Garden (worn) {rPois Regen+ Dex-2 SInv}
   (You acquired it on level 14 of the Dungeon)

   Dex:       It affects your dexterity (-2).
   rPois:     It protects you from poison.
   SInv:      It lets you see invisible.
   Regen:     It increases your rate of health regeneration.
 Y - a +0 cloak (worn)
Jewellery
 e - a +4 ring of protection
 g - a +6 ring of intelligence
 p - a +4 ring of protection (left blade hand)
 v - a ring of willpower
 x - a ring of fire
 G - a ring of willpower
 H - an amulet of faith (around neck) {!P}
 K - a ring of ice
 M - the ring of Bygey (right blade hand) {Fly rC+}
   (You bought it in a shop on level 2 of the Orcish Mines)

   [ring of flight]

   rC:        It protects you from cold.
   Fly:       It grants you flight.
 X - a ring of positive energy
 Z - a +6 ring of dexterity
Wands
 w - a wand of acid (23)
 z - a wand of polymorph (15)
 D - a wand of charming (22)
 N - a wand of flame (60)
 R - a wand of iceblast (16)
 S - a wand of digging (14)
Scrolls
 f - 8 scrolls of immolation
 h - 2 scrolls of fog
 j - 2 scrolls of blinking
 m - 4 scrolls of silence {!r}
 o - 7 scrolls of enchant weapon
 u - 3 scrolls of magic mapping
 y - 5 scrolls of teleportation {@r3}
 A - 2 scrolls of brand weapon
 B - 5 scrolls of enchant armour
 E - 4 scrolls of vulnerability
 F - 6 scrolls of identify {@r1}
 L - 2 scrolls of amnesia
 O - 3 scrolls of fear
Potions
 c - 5 potions of might
 d - 3 potions of mutation {!q}
 i - a potion of magic
 k - a potion of cancellation
 l - 2 potions of flight
 n - 4 potions of attraction
 q - 7 potions of brilliance
 t - 3 potions of curing
 J - a potion of berserk rage {!q}
 Q - 3 potions of ambrosia
 V - a potion of resistance
Miscellaneous
 T - a condenser vane (inert)
 U - a tin of tremorstones (2/2)
 W - a lightning rod (4/4)


   Skills:
 - Level 11.0 Fighting
 + Level 7.5 Armour
 - Level 8.1 Dodging
 - Level 2.6 Shields
 + Level 20.0 Unarmed Combat
 - Level 7.2 Spellcasting
 - Level 5.0 Conjurations
 - Level 4.0 Hexes
 - Level 3.1 Translocations
 - Level 8.0 Transmutations
 - Level 10.1 Invocations


You had 6 spell levels left.
You knew the following spells:

 Your Spells              Type           Power      Damage    Failure   Level
a - Irradiate             Conj/Tmut      24%        3d21      21%         5
b - Blink                 Tloc           58%        N/A       9%          2
d - Tukima's Dance        Hex            33%        N/A       11%         3
h - Blade Hands           Tmut           27%        N/A       13%         5
s - Spider Form           Tmut/Pois      33%        N/A       11%         3
y - Yara's Violent Unrav  Hex/Tmut       22%        3d10      22%         5

Your spell library contained the following spells:

 Spells                   Type           Power      Damage    Failure   Level
 Beastly Appendage        Tmut           100%       N/A       3%          1
 Wereblood                Tmut           54%        N/A       4%          2
 Sting                    Tmut/Pois      100%       1d8       6%          1
 Dazzling Flash           Conj/Hex       72%        N/A       9%          3
 Portal Projectile        Hex/Tloc       62%        N/A       12%         3
 Animate Skeleton         Necr           20%        N/A       13%         1
 Pain                     Necr           40%        1d6       13%         1
 Ignite Poison            Fire/Tmut/Pois 26%        N/A       13%         3
 Conjure Flame            Conj/Fire      25%        6-21      14%         3
 Summon Guardian Golem    Hex/Summ       22%        N/A       16%         3
 Poisonous Vapours        Pois/Air       20%        N/A       17%         2
 Passage of Golubria      Tloc           29%        N/A       24%         4
 Call Canine Familiar     Summ           10%        N/A       26%         3
 Ozocubu's Armour         Ice            10%        N/A       26%         3
 Vampiric Draining        Necr           10%        2d6       26%         3
 Flame Wave               Conj/Fire      25%        3d6       28%         4
 Sticky Flame             Conj/Fire      25%        2d5       28%         4
 Leda's Liquefaction      Hex/Erth       11%        N/A       32%         4
 Manifold Assault         Tloc           29%        N/A       45%         5
 Fireball                 Conj/Fire      12%        3d7       50%         5
 Olgreb's Toxic Radiance  Pois           10%        N/A       52%         4
 Summon Ice Beast         Ice/Summ       10%        N/A       52%         4
 Metabolic Englaciation   Hex/Ice        11%        N/A       56%         5
 Silence                  Hex/Air        11%        N/A       56%         5
 Summon Mana Viper        Hex/Summ       22%        N/A       56%         5
 Freezing Cloud           Conj/Ice/Air   10%        6-21      58%         5
 Summon Forest            Summ/Tloc      9%         N/A       61%         5
 Agony                    Necr           10%        N/A       77%         5
 Excruciating Wounds      Necr           5%         N/A       77%         5
 Simulacrum               Ice/Necr       5%         N/A       99%         6
 Summon Cactus Giant      Summ           5%         N/A       99%         6
 Dragon Form              Tmut           27%        N/A       80%         7
 Orb of Destruction       Conj           19%        9d9       98%         7
 Storm Form               Tmut/Air       16%        N/A       99%         7
 Ozocubu's Refrigeration  Ice            5%         4d6       100%        7
 Spellforged Servitor     Conj/Summ      12%        N/A       100%        7
 Ignition                 Fire           5%         3d4       100%        8
 Lehudib's Crystal Spear  Conj/Erth      12%        10d4      100%        8
 Polar Vortex             Ice            5%         N/A       100%        9


Dungeon Overview and Level Annotations

Branches:
Dungeon (15/15)            Temple (1/1) D:4            Lair (6/6) D:10
 Shoals (4/4) Lair:3        Snake (0/4) Lair:2        Slime (0/5) Lair:5
    Orc (2/2) D:11            Elf (1/3) Orc:2        Vaults (0/5) D:13
 Depths (0/4) D:15

Altars:
Ashenzari
Cheibriados
Dithmenos
Elyvilon
Fedhas
Gozag
Hepliaklqana
Kikubaaqudgha
Makhleb
Nemelex Xobeh
Okawaru
Qazlal
Ru
Sif Muna
Trog
Uskayaw
Vehumet
Wu Jian
Xom
Yredelemnul
Zin
The Shining One
Beogh
Jiyva

Shops:
D:1 :   D:2 =**=[   D:4 *   D:8 ?   D:10 *   D:11 !   D:12 [   Orc:1 !
Orc:2 !(*=(!   Shoals:2 *

Portals:
Trove: D:10 (give horn of Geryon)

Annotations:
D:4 1 runed translucent door, vnq's ghost, novice DDBe
D:9 2 transporters, Ubbricas's ghost, novice MiVM
Lair:6 3 runed translucent doors, dontdoit's ghost, journeyman TeFE


Innate Abilities, Weirdness & Mutations

You have blades for hands.
Your spellcasting is less reliable in this form.
You are incapable of wielding weapons or throwing items.
You have hooves in place of feet.
You sometimes emit foul miasma when damaged in melee.
A meltable icy envelope protects you from harm. (AC +4)
You are very robust. (+20% HP)
You have an absolutely massive brain. (Int +6, Wiz)
A meltable shield of frost defends you. (SH +4)


Message History

You see here a +0 dagger of electrocution.
You see here a +0 leather armour.
Found a lightning rod (4/4).
You reach down and open the door.
There is an open door here.
Found 24 arrows.
Found a scroll of vulnerability.
Found 10 gold pieces.
Autoexplore disabled on this floor!
E - 4 scrolls of vulnerability (gained 1)
You now have 1186 gold pieces (gained 10). 2 deep elf knights and a deep elf archer come into view.
The deep elf knight shouts!
A deep elf knight comes into view. It is wielding a +0 long sword.
Found a stone staircase leading down.
The deep elf knight shouts!
The deep elf knight casts a spell.
The deep elf knight seems to speed up.
The deep elf knight hits you with a +0 scimitar!
The deep elf knight gestures at you while chanting.
The shard of ice hits you!! You partially resist.
The deep elf knight hits you but does no damage.
Casting: Yara's Violent Unravelling (dangerous; 6% risk of failure)
Confirm with . or Enter, or press ? or * to list all spells.
Your hands turn into razor-sharp scythe blades.
Your +2 pair of gloves of strength melds into your body.
Your +0 buckler melds into your body.
You feel weaker.
The deep elf knight completely misses you.
You slice the deep elf knight!! Your kick misses the deep elf knight.
You slash the deep elf knight!!
The deep elf knight is almost dead.
The deep elf knight hits you with a +0 long sword.
The deep elf knight casts a spell.
The deep elf knight flickers and vanishes for a moment.
You shred the deep elf knight!!!
You kill the deep elf knight!
Cheibriados thoroughly appreciates the change of pace.
The deep elf knight hits you with a +0 long sword.
You emit a cloud of foul miasma!
You closely miss the deep elf knight. You kick the deep elf knight.
The deep elf knight is lightly wounded.
The deep elf knight is engulfed in dark miasma.
The deep elf knight is poisoned.
The deep elf knight closely misses you.
The deep elf archer casts a spell.
The deep elf archer blinks!
You barely miss the deep elf knight. Your kick misses the deep elf knight.
The deep elf knight is lightly wounded.
The deep elf knight is engulfed in dark miasma.
The deep elf knight looks even sicker.
You block the deep elf knight's attack.
The deep elf knight mumbles some strange words.
The deep elf knight flickers and vanishes for a moment.
You slice the deep elf knight!! Your kick misses the deep elf knight.
You slash the deep elf knight!
You kill the deep elf knight!
Cheibriados thoroughly appreciates the change of pace.
The deep elf knight gestures at you while chanting.
The lance of force hits you!
You are knocked back by the lance of force.
The deep elf archer unwields a +0 dagger.
The deep elf archer wields a +0 shortbow.
The deep elf archer shoots an arrow.
The arrow misses the deep elf knight.
The arrow closely misses you.
The deep elf archer shoots an arrow.
The arrow barely misses the deep elf knight.
The arrow hits you!
The deep elf archer shoots an arrow.
The arrow misses the deep elf knight.
The arrow hits you!
You barely miss the deep elf knight. Your kick misses the deep elf knight.
The deep elf archer shoots an arrow.
The arrow hits you! The deep elf knight misses you.
The deep elf archer shoots an arrow.
The arrow hits you!
The deep elf knight hits you but does no damage.
You shred the deep elf knight!!!
You kill the deep elf knight!
Cheibriados appreciates the change of pace.
The deep elf archer shoots an arrow.
The arrow barely misses you.
Unknown command.
The deep elf archer shoots an arrow.
The arrow misses you.
The deep elf archer gestures at you while chanting.
You are confused.
The deep elf archer points at you and mumbles some strange words.
You resist with some effort.
The deep elf archer shoots an arrow.
The arrow completely misses you.
The deep elf archer points at you and mumbles some strange words.
You resist with some effort.
The deep elf archer shoots an arrow.
The arrow misses you.
A deep elf knight comes into view.
It is wielding a +1 scimitar of holy wrath.
The deep elf archer shoots an arrow.
The arrow hits you but does no damage.
You feel less confused.
The deep elf knight shouts!
The deep elf archer shoots an arrow.
The arrow hits you!!
* * * LOW HITPOINT WARNING * * *
The deep elf archer shoots an arrow.
The arrow completely misses you.
The deep elf archer shoots an arrow.
The arrow hits you!!
* * * LOW HITPOINT WARNING * * *
The deep elf archer shoots an arrow.
The arrow hits you!!
* * * LOW HITPOINT WARNING * * *
The deep elf knight points at you and mumbles some strange words.
The shard of ice hits you!! You partially resist.
You die...

# ##.## #.# ###..# ###
..# .#...# ##.## #.#
....## ##...##.# .....#
##......##
.....#######.....)..##
..................##.##.#
....##########).....e..#
...## ##)@.#...## ####
##..#.##.# #e.#..>..#
#.......# #.#####...
#.......## #########


You could see a deep elf archer (repels missiles) and a deep elf knight.

Vanquished Creatures
  Mlioglotl (Shoals:2)
  Frances (D:12)
  Donald (Shoals:1)
  An orc warlord (Orc:1)
  A frost giant (D:15)
  Louise (D:15)
  Nessos (Lair:6)
  A minotaur (Shoals:3)
  Azrael (D:12)
  3 entropy weavers (Lair:4)
  Snorg (D:12)
  An ettin (Orc:1)
  5 merfolk javelineers
  6 merfolk impalers
  Josephine (Shoals:1)
  The ghost of edsrzf the Grappler, a journeyman TrCK of Xom (D:10)
  An ice dragon (Shoals:3)
  6 hydras
  2 merfolk avatars (Shoals:2)
  2 boulder beetles
  2 ghost crabs (Lair:4)
  2 catoblepae
  An ogre mage (Orc:1)
  A death knight (D:15)
  3 centaur warriors
  3 tengu warriors
  2 dancing weapons (D:13)
  6 two-headed ogres
  6 merfolk aquamancers
  5 death yaks
  A deep troll shaman (Lair:6)
  7 orc high priests
  6 fire crabs (Lair:4)
  Nergalle (Orc:1)
  6 deep elf knights (Elf:1)
  15 sea snakes
  A deep elf archer (Elf:1)
  A lindwurm (Lair:6)
  10 harpies
  4 deep elf zephyrmancers (Elf:1)
  2 deep elf pyromancers
  6 orc knights (Orc:2)
  2 ugly things (D:13)
  6 cyclopes
  3 fauns (Shoals:3)
  3 orc sorcerers
  14 manticores
  5 merfolk sirens
  6 black mambas
  14 elephants
  An apocalypse crab (Lair:4)
  A water nymph (Shoals:4)
  A torpor snail (Lair:2)
  A gargoyle (D:11)
  Psyche (D:8)
  11 cane toads
  2 kobold demonologists
  A yaktaur (shapeshifter) (D:15)
  2 rime drakes
  8 komodo dragons
  A tengu conjurer (D:11)
  29 merfolk
  3 polar bears
  9 wind drakes
  A queen bee (Lair:3)
  13 snapping turtles
  6 blink frogs
  3 meliai (Shoals:3)
  2 hornets
  10 trolls
  10 slime creatures
  16 dream sheep
  Sigmund (D:5)
  3 shadows
  An air elemental (Elf:1)
  2 vampires
  6 wraiths
  A wyvern (Lair:4)
  2 basilisks (D:14)
  15 water elementals
  23 yaks
  A steam dragon (D:8)
  A fire elemental (D:12)
  5 vampire mosquitoes (D:12)
  9 wargs
  An acid dragon (D:12)
  A naga (Lair:2)
  18 water moccasins
  4 hell hounds (D:12)
  Duvessa (D:6)
  A sky beast (D:5)
  44 orc warriors
  3 ice beasts
  3 black bears
  9 ogres
  11 wolves
  A phantom (D:6)
  6 centaurs
  3 kobold brigands (D:10)
  10 bullfrogs
  2 scorpions
  An earth elemental (Elf:1)
  Dowan (D:6)
  24 killer bees (Lair:3)
  10 wights
  5 howler monkeys
  4 centaur zombies
  2 hounds
  40 orc priests
  A jelly (shapeshifter) (D:13)
  3 jellies
  An iguana (D:5)
  Ijyb (D:3)
  20 orc wizards
  A killer bee zombie (D:9)
  A hound skeleton (D:4)
  A howler monkey zombie (D:10)
  Robin (D:2)
  5 adders
  A shadow imp (D:7)
  2 white imps
  3 worms
  A dart slug (D:4)
  84 orcs
  5 ball pythons
  7 endoplasms
  3 giant cockroaches
  11 hobgoblins
  13 jackals
  4 quokkas
  3 training dummies (Orc:2)
  12 bats
  4 frilled lizards (D:2)
  10 goblins
  14 kobolds
  6 rats
807 creatures vanquished.

Vanquished Creatures (collateral kills)
  A merfolk siren (Shoals:2)
  A centaur (D:9)
  A gnoll shaman (D:8)
  3 gnolls (D:8)
6 creatures vanquished.

Vanquished Creatures (others)
  A boggart (D:14)
  A killer bee (Lair:3)
  26 fungi
  153 plants
181 creatures vanquished.

Grand Total: 994 creatures vanquished

Notes
Turn   | Place    | Note
-------+----------+-------------------------------------------
     0 | D:1      | edsrzf the Demonspawn Fighter began the quest for the Orb.
     0 | D:1      | Reached XP level 1. HP: 18/18 MP: 1/1
    60 | D:1      | Reached skill level 2 in Unarmed Combat
   276 | D:1      | Gained mutation: You have large cloven feet. [demonic
                  | ancestry]
   276 | D:1      | Reached XP level 2. HP: 24/24 MP: 2/2
   512 | D:1      | Found Owetoew's Book Shoppe.
   568 | D:1      | Reached skill level 3 in Unarmed Combat
   804 | D:2      | Gained mutation: A meltable shield of frost defends you.
                  | (SH +4) [demonic ancestry]
   804 | D:2      | Reached XP level 3. HP: 29/29 MP: 3/3
   840 | D:2      | Noticed Robin
  1012 | D:2      | Killed Robin
  1206 | D:2      | Found Nig Cueraqe's Assorted Antiques.
  1374 | D:2      | Gained mutation: You may rarely emit foul miasma when
                  | damaged in melee. [demonic ancestry]
  1374 | D:2      | Reached XP level 4. HP: 35/35 MP: 4/4
  1389 | D:2      | Found a faded altar of an unknown god.
  1435 | D:2      | Reached skill level 4 in Unarmed Combat
  1440 | D:2      | Found Onyz's Jewellery Shoppe.
  1732 | D:2      | Found Neaqob's Assorted Antiques.
  1769 | D:2      | Found Wiul's Antique Armour Shop.
  1860 | D:2      | Found Kennie's Jewellery Boutique.
  2101 | D:3      | Noticed Ijyb
  2703 | D:3      | Found a broken altar of Ashenzari.
  3077 | D:4      | Noticed a black bear
  3088 | D:4      | Reached XP level 5. HP: 39/41 MP: 5/5
  3102 | D:4      | Killed a black bear
  3103 | D:4      | Reached skill level 5 in Unarmed Combat
  3294 | D:4      | Gained mutation: You have hoof-like feet. [demonic
                  | ancestry]
  3294 | D:4      | Reached XP level 6. HP: 25/47 MP: 6/6
  3463 | D:4      | Found a runed translucent door.
  3463 | D:4      | Noticed vnq's ghost (novice DDBe)
  3570 | D:4      | Identified 2 potions of heal wounds
  3574 | D:4      | Reached skill level 6 in Unarmed Combat
  3990 | D:4      | Found a staircase to the Ecumenical Temple.
  4265 | D:4      | Found Tolesch's General Store.
  4824 | D:3      | Identified 2 potions of attraction
  4840 | D:3      | Killed Ijyb
  5063 | D:5      | Entered Level 5 of the Dungeon
  5073 | D:5      | Reached skill level 7 in Unarmed Combat
  5073 | D:5      | Gained mutation: You have an unusually large brain. (Int
                  | +2) [demonic ancestry]
  5073 | D:5      | Reached XP level 7. HP: 52/52 MP: 7/7
  5269 | D:5      | You fall into a shaft and drop 2 floors!
  5290 | D:7      | Reached skill level 8 in Unarmed Combat
  5605 | D:6      | Gained mutation: You have an extremely huge brain. (Int +4)
                  | [demonic ancestry]
  5605 | D:6      | Reached XP level 8. HP: 58/58 MP: 8/8
  5757 | D:6      | Reached skill level 9 in Unarmed Combat
  5982 | D:5      | Found a hazy altar of Hepliaklqana.
  5983 | D:5      | Identified 5 scrolls of identify
  5983 | D:5      | Identified a potion of cancellation
  5984 | D:5      | Identified a potion of brilliance
  6015 | D:5      | Identified a potion of berserk rage
  6016 | D:5      | Identified a potion of curing
  6017 | D:5      | Identified 2 potions of lignification
  6078 | D:5      | Noticed Sigmund
  6080 | D:5      | Killed Sigmund
  6182 | D:5      | Found a burning altar of Makhleb.
  6234 | D:5      | Reached skill level 10 in Unarmed Combat
  7227 | D:6      | Noticed Dowan
  7230 | D:6      | Noticed Duvessa
  7247 | D:6      | Killed Duvessa
  7248 | D:6      | Reached skill level 11 in Unarmed Combat
  7248 | D:6      | Gained mutation: You sometimes emit foul miasma when
                  | damaged in melee. [demonic ancestry]
  7248 | D:6      | Reached XP level 9. HP: 47/63 MP: 9/9
  7253 | D:6      | Killed Dowan
  7584 | D:6      | Identified 2 potions of mutation
  8013 | D:6      | Found a shimmering altar of Xom.
  8347 | D:7      | Reached skill level 12 in Unarmed Combat
  9454 | D:8      | Found Bounouj's Magic Scroll Emporium.
  9724 | D:8      | Noticed Psyche
  9725 | D:8      | Identified 3 scrolls of silence
  9736 | D:8      | Killed Psyche
  9737 | D:8      | Reached skill level 13 in Unarmed Combat
  9858 | D:8      | Found an iron altar of Okawaru.
  9900 | D:8      | Gained mutation: You have an absolutely massive brain. (Int
                  | +6, Wiz) [demonic ancestry]
  9900 | D:8      | Reached XP level 10. HP: 70/70 MP: 10/10
  9942 | D:8      | Learned a level 2 spell: Blink
  9998 | D:8      | Bought a scroll of noise for 11 gold pieces
 10001 | D:8      | Bought a scroll of teleportation for 33 gold pieces
 10265 | D:9      | Reached skill level 1 in Spellcasting
 10265 | D:9      | Reached skill level 1 in Translocations
 10331 | D:9      | Noticed a two-headed ogre
 10686 | D:9      | Found a shimmering blue altar of Sif Muna.
 10860 | Temple   | Entered the Ecumenical Temple
 11120 | Temple   | Became a worshipper of Cheibriados the Contemplative
 11278 | D:8      | Killed a two-headed ogre
 11279 | D:8      | Reached skill level 2 in Spellcasting
 11279 | D:8      | Reached skill level 2 in Translocations
 11489 | D:9      | Reached skill level 3 in Spellcasting
 11489 | D:9      | Reached skill level 3 in Translocations
 11618 | D:4      | Bought a book of Changes for 252 gold pieces
 11716 | D:2      | Bought a scroll labelled ZOXKIR QIUF for 19 gold pieces
 11716 | D:2      | Bought a scroll labelled TODUIH WIYTUO for 19 gold pieces
 11749 | D:2      | Bought a scroll labelled GUCILOLIRU for 23 gold pieces
 11749 | D:2      | Bought a scroll labelled HASUANK APNITHRIRUCK for 23 gold
                  | pieces
 11749 | D:2      | Bought a scroll labelled NYOPAY SEOZU for 23 gold pieces
 11977 | D:10     | Entered Level 10 of the Dungeon
 12201 | D:10     | Found a staircase to the Lair.
 12440 | D:10     | Found Ifeazeiw's Neck Hole.
 12469 | D:10     | Reached skill level 4 in Spellcasting
 12607 | D:10     | Found a runed translucent door.
 12611 | D:10     | Found a basalt altar of Yredelemnul.
 12625 | D:10     | Noticed edsrzf's ghost (journeyman TrCK)
 12707 | D:10     | Reached skill level 5 in Spellcasting
 12719 | D:10     | Noticed a two-headed ogre
 13092 | D:9      | Reached * piety under Cheibriados
 13547 | D:9      | Found a transporter.
 13548 | D:9      | Noticed Ubbricas's ghost (novice MiVM)
 13548 | D:9      | Noticed a moth of wrath
 13548 | D:9      | Noticed a manticore
 13560 | D:9      | Found a transporter.
 13596 | D:9      | Identified a scroll of holy word
 13597 | D:9      | Identified 2 scrolls of fog
 13598 | D:9      | Identified 2 scrolls of vulnerability
 13668 | D:9      | Reached skill level 6 in Spellcasting
 14009 | D:10     | Found a portal to a secret trove of treasure.
 14079 | D:10     | Identified the +10 trident of the Onslaught {pain, rF-
                  | rC+++ MP+9 Str-5}
 14178 | D:10     | Killed a two-headed ogre
 14179 | D:10     | Reached skill level 7 in Spellcasting
 14179 | D:10     | Gained mutation: You are robust. (+10% HP) [demonic
                  | ancestry]
 14179 | D:10     | Reached XP level 11. HP: 70/82 MP: 21/21
 14226 | D:10     | Learned a level 3 spell: Spider Form
 14807 | D:10     | Reached skill level 1 in Transmutations
 15107 | D:11     | Found Hump's Distillery.
 15113 | D:11     | Noticed a two-headed ogre
 15120 | D:11     | Killed a two-headed ogre
 15121 | D:11     | Reached skill level 4 in Fighting
 15121 | D:11     | Reached skill level 2 in Transmutations
 15278 | D:11     | Bought a potion of degeneration for 17 gold pieces
 15287 | D:11     | Noticed a boulder beetle
 15441 | D:11     | Reached skill level 3 in Transmutations
 15448 | D:11     | Reached ** piety under Cheibriados
 15716 | D:11     | Found a staircase to the Orcish Mines.
 15747 | D:11     | Reached skill level 5 in Fighting
 15978 | D:11     | Noticed a tengu warrior
 16388 | Lair:1   | Entered Level 1 of the Lair of Beasts
 16430 | Lair:1   | Identified a potion of haste
 16726 | Lair:1   | Reached skill level 4 in Transmutations
 17135 | Lair:1   | Reached skill level 6 in Fighting
 17609 | Lair:2   | Reached skill level 5 in Transmutations
 17823 | Lair:2   | Reached *** piety under Cheibriados
 18371 | Lair:2   | Reached skill level 7 in Fighting
 18371 | Lair:2   | Reached skill level 1 in Dodging
 18580 | Lair:2   | Reached skill level 2 in Dodging
 18630 | Lair:2   | Reached skill level 3 in Dodging
 18942 | Lair:2   | Found a staircase to the Snake Pit.
 19082 | Lair:2   | Reached skill level 4 in Dodging
 19082 | Lair:2   | Gained mutation: You have hooves in place of feet. [demonic
                  | ancestry]
 19082 | Lair:2   | Reached XP level 12. HP: 68/100 MP: 19/22
 19163 | Lair:2   | Reached **** piety under Cheibriados
 19318 | Lair:2   | Noticed a death yak
 19330 | Lair:2   | Killed a death yak
 19331 | Lair:2   | Reached skill level 5 in Dodging
 20006 | Lair:3   | Reached ***** piety under Cheibriados
 20007 | Lair:3   | Reached skill level 6 in Dodging
 20448 | Lair:3   | You fall into a shaft and drop 3 floors!
 20448 | Lair:6   | Entered Level 6 of the Lair of Beasts
 20475 | Lair:5   | Reached skill level 7 in Dodging
 20780 | Lair:4   | Found a broken altar of Ashenzari.
 20804 | Lair:4   | Noticed a six-headed hydra
 20811 | Lair:4   | Reached skill level 8 in Dodging
 20815 | Lair:4   | Reached skill level 1 in Invocations
 20822 | Lair:4   | Reached skill level 3 in Invocations
 20824 | Lair:4   | HP: 5/100 [komodo dragon (14)]
 20854 | Lair:4   | Identified 7 scrolls of blinking
 20855 | Lair:4   | Identified 4 scrolls of enchant weapon
 20856 | Lair:4   | Identified 3 scrolls of magic mapping
 20857 | Lair:4   | Identified 3 scrolls of fear
 20858 | Lair:4   | Identified 3 scrolls of enchant armour
 20859 | Lair:4   | Identified 2 scrolls of brand weapon
 20860 | Lair:4   | Identified 2 scrolls of torment
 20876 | Lair:4   | Identified a scroll of amnesia
 20882 | Lair:4   | Killed a six-headed hydra
 20883 | Lair:4   | Reached skill level 4 in Invocations
 21068 | Lair:4   | Reached skill level 5 in Invocations
 21236 | Lair:4   | Reached skill level 6 in Invocations
 21236 | Lair:4   | Upgraded the game from 0.28-a0-852-gbbce81c to
                  | 0.28-a0-859-gd8f344a
 21479 | Lair:4   | Reached skill level 7 in Invocations
 21508 | Lair:4   | Reached skill level 8 in Invocations
 21733 | Lair:4   | Identified a scroll of acquirement
 21733 | Lair:4   | Identified a scroll of summoning
 21789 | Lair:4   | Found a runed translucent door.
 21853 | Lair:4   | Reached skill level 9 in Invocations
 21869 | Lair:4   | Gained mutation: A meltable icy envelope protects you from
                  | harm. (AC +4) [demonic ancestry]
 21869 | Lair:4   | Reached XP level 13. HP: 69/105 MP: 23/23
 22338 | Lair:4   | Reached skill level 10 in Invocations
 22391 | Lair:4   | Noticed an entropy weaver
 22409 | Lair:4   | Killed an entropy weaver
 22803 | Lair:4   | Reached skill level 6 in Transmutations
 23222 | Lair:4   | Noticed an entropy weaver
 23236 | Lair:4   | Killed an entropy weaver
 23237 | Lair:4   | Reached skill level 8 in Fighting
 23622 | Lair:4   | Noticed an entropy weaver
 23635 | Lair:4   | Killed an entropy weaver
 23792 | Lair:4   | Got Qocos's Compendium of the Unstoppable Mice
 23960 | Lair:5   | Reached skill level 7 in Transmutations
 24532 | Lair:5   | Reached skill level 9 in Fighting
 25129 | Lair:5   | Found a viscous altar of Jiyva.
 25129 | Lair:5   | Found a staircase to the Slime Pits.
 25462 | Lair:6   | Reached ****** piety under Cheibriados
 25739 | Lair:6   | Found a runed translucent gate.
 25740 | Lair:6   | Found a runed translucent gate.
 25741 | Lair:6   | Found a runed translucent gate.
 25741 | Lair:6   | Noticed dontdoit's ghost (journeyman TeFE)
 25789 | Lair:6   | Reached skill level 8 in Transmutations
 26017 | Lair:6   | Reached skill level 10 in Fighting
 26412 | Lair:6   | Identified the +1 scale mail of Reason {rElec rC+}
 26512 | Lair:6   | Reached XP level 14. HP: 122/122 MP: 24/24
 26540 | Lair:6   | Noticed Nessos
 26700 | Lair:6   | Killed Nessos
 27577 | Lair:3   | Found a staircase to the Shoals.
 27895 | D:10     | Killed edsrzf's ghost
 27896 | D:10     | Reached skill level 14 in Unarmed Combat
 28431 | D:12     | Noticed Frances
 28446 | D:12     | Reached skill level 11 in Fighting
 28451 | D:12     | Killed Frances
 28950 | D:12     | Noticed Snorg
 28959 | D:12     | Killed Snorg
 29021 | D:12     | Noticed Azrael
 29063 | D:12     | Killed Azrael
 29395 | D:12     | Found Gaprewk's Armour Shop.
 29879 | D:13     | Reached skill level 15 in Unarmed Combat
 30127 | D:13     | Found a gate to the Vaults.
 30787 | D:14     | Identified a potion of resistance
 30790 | D:14     | Acquired the +2 hat of the Garden {rPois Regen+ Dex-2 SInv}
 30931 | D:14     | Identified the +5 flail of Eteawux {freeze, Fragile rN++
                  | Dex+8}
 31025 | D:14     | Identified a potion of flight
 31193 | D:14     | Reached skill level 16 in Unarmed Combat
 31415 | D:15     | Entered Level 15 of the Dungeon
 31563 | D:15     | Found a staircase to the Depths.
 31563 | D:15     | Noticed a frost giant
 31571 | D:15     | Killed a frost giant
 31782 | D:15     | Identified the +2 ring mail of Hedge Wizardry {rElec rF+
                  | rN+}
 32039 | D:15     | Noticed Louise
 32057 | D:15     | Killed Louise
 32438 | Orc:1    | Entered Level 1 of the Orcish Mines
 32438 | Orc:1    | Noticed an orc warlord
 32721 | Orc:1    | HP: 6/124 [orc wizard/magic dart[an orc high priest] (2)]
 32730 | Orc:1    | Gained mutation: You are very robust. (+20% HP) [demonic
                  | ancestry]
 32730 | Orc:1    | Reached XP level 15. HP: 14/141 MP: 4/25
 32894 | Orc:1    | Paralysed by an orc sorcerer for 3 turns
 32904 | Orc:1    | Noticed Nergalle
 32911 | Orc:1    | Reached skill level 17 in Unarmed Combat
 32923 | Orc:1    | Killed Nergalle
 33285 | Orc:2    | Entered Level 2 of the Orcish Mines
 33289 | Orc:2    | Found a staircase to the Elven Halls.
 33667 | Orc:2    | Reached skill level 18 in Unarmed Combat
 33920 | Orc:2    | Found Zumy's Distillery.
 33923 | Orc:2    | Found Duotaoqo's General Store.
 33924 | Orc:2    | Found Gaoturph's Jewellery Emporium.
 33925 | Orc:2    | Found Uhasutra's Weapon Shoppe.
 34098 | Orc:2    | Found Daptugas's Firing Range.
 34137 | Orc:2    | Found Etracs's Distillery.
 34178 | Orc:2    | Found a burning altar of Makhleb.
 34555 | Orc:2    | Bought the ring of Bygey {Fly rC+} for 378 gold pieces
 34642 | Orc:1    | Killed an orc warlord
 34845 | Orc:1    | Found Paess's Distillery.
 35016 | Shoals:1 | Entered Level 1 of the Shoals
 35361 | D:1      | Bought a book of Transfigurations for 480 gold pieces
 35367 | D:1      | Learned a level 5 spell: Blade Hands
 35371 | D:1      | Learned a level 3 spell: Tukima's Dance
 35377 | D:1      | Learned a level 5 spell: Irradiate
 35383 | D:1      | Learned a level 5 spell: Yara's Violent Unravelling
 35734 | Shoals:1 | Reached skill level 1 in Hexes
 35755 | Shoals:1 | Noticed Josephine
 35758 | Shoals:1 | Killed Josephine
 35771 | Shoals:1 | Reached skill level 2 in Hexes
 35836 | Shoals:1 | Noticed Donald
 35853 | Shoals:1 | Killed Donald
 35936 | Shoals:1 | Upgraded the game from 0.28-a0-859-gd8f344a to
                  | 0.28-a0-861-ge64d6db
 36052 | Shoals:1 | Identified a potion of magic
 36084 | Shoals:1 | Reached skill level 3 in Hexes
 36579 | Shoals:1 | Reached skill level 4 in Hexes
 36617 | Shoals:1 | Reached skill level 1 in Conjurations
 36860 | Shoals:2 | Reached skill level 2 in Conjurations
 36948 | Shoals:2 | Found Hytof's Assorted Antiques.
 37021 | Shoals:2 | Reached skill level 3 in Conjurations
 37222 | Shoals:2 | Reached skill level 4 in Conjurations
 37286 | Shoals:2 | Noticed Mlioglotl
 37293 | Shoals:2 | Reached XP level 16. HP: 143/150 MP: 20/26
 37295 | Shoals:2 | Killed Mlioglotl
 37359 | Shoals:2 | Reached skill level 19 in Unarmed Combat
 37631 | Shoals:2 | Reached skill level 5 in Conjurations
 38049 | Shoals:3 | Reached skill level 3 in Armour
 38361 | Shoals:3 | Reached skill level 4 in Armour
 38691 | Shoals:3 | Identified the +11 fustibalus "Jarai" {venom, rCorr}
 39248 | Shoals:3 | Reached skill level 5 in Armour
 39264 | Shoals:3 | Found a hide-covered altar of Uskayaw.
 39390 | Shoals:4 | Entered Level 4 of the Shoals
 39739 | Shoals:4 | Reached skill level 6 in Armour
 39935 | Shoals:4 | Identified the +8 short sword of Eternal Vigilance {freeze,
                  | Will+ Str+2 Int-5 SInv}
 40390 | Shoals:4 | Got a barnacled rune of Zot
 40621 | Shoals:4 | Reached skill level 7 in Armour
 40956 | Elf:1    | Entered Level 1 of the Elven Halls
 41082 | Elf:1    | Paralysed by an air elemental for 1 turns
 41084 | Elf:1    | Paralysed by an air elemental for 1 turns
 41089 | Elf:1    | Paralysed by an air elemental for 1 turns
 41094 | Elf:1    | Reached skill level 20 in Unarmed Combat
 41231 | Elf:1    | Killed from afar by a deep elf knight

Illustrated notes

Levels and vault maps discovered:
D:1:      matt_arrival_los_fun, layout_basic, serial_shops,
          nicolae_shop_window_shopping
D:2:      layout_basic, ebering_ecumenical_altar_hall, serial_shops, shop,
          nicolae_shop_temple_entry_statues_fountains, shop_statue, shop,
          nicolae_lakefront_shop, wander_ebering_terrifying_dragon_lair,
          uniq_robin
D:3:      layout_rooms, mainiacjoe_overflow_six_doors_small, uniq_ijyb
D:4:      layout_basic, minmay_temple_entry_drinking_statues,
          ebering_ghost_inner_flame, serial_shops, nicolae_shop_crystal
D:5:      layout_rooms, lightli_temple_of_fire,
          mainiacjoe_overflow_cross_hatched, uniq_sigmund
D:6:      layout_basic, tgw_xom, uniq_duvessa
D:7:      layout_loops_corners
D:8:      layout_loops_ring, chequers_temple_overflow_statue_of_worship,
          minmay_shop_grid_forest, uniq_psyche
D:9:      layout_rooms, amcnicky_altar_gilded, gammafunk_ghost_berserking_beasts
D:10:     layout_long_grid, mainiacjoe_overflow_alcove_2,
          erik_lair_orcish_takeover, enter_trove_2,
          ebering_ghost_reflecting_pool, nicolae_shop_sticking_my_neck_out
D:11:     layout_irregular_city, erik_orc_3, serial_shops,
          nicolae_shop_statue_plus
D:12:     layout_big_octagon, serial_shops, shop, uniq_snorg, uniq_azrael,
          uniq_frances
D:13:     layout_roguey, erik_vaults_1, minmay_starry_boxes
D:14:     layout_cave_pools, nrook_campfire, kennysheep_two_boxes
D:15:     grunt_enter_depths_snipers, layout_basic, serial_bayou_shore_b,
          wad_floor_pattern_untrapped, uniq_louise
Temple:   dpeg_chambers_temple
Lair:1:   layout_regular_city, infiniplex_staircase_pool_2
Lair:2:   layout_cave_shapes, guppyfry_snake_entry_garden, serial_forest,
          infiniplex_forest_lined_room_2, infiniplex_forest_end_2,
          infiniplex_forest_lined_room_3, infiniplex_forest_lined_room_2,
          nzn_random_ring, serial_bayou_shore_a
Lair:3:   layout_cave_pods, shoals_dummy_entry, special_room [special_room_bee]
Lair:4:   gammafunk_mikee_crab_dinner, layout_cave_shapes, basic_altar,
          serial_bayou_crossing
Lair:5:   layout_layer_cave, dpeg_slime_entry_enclosed_altar,
          grunt_forest_small_clearing_treed
Lair:6:   grunt_lair_end_beastmaster, layout_regular_city,
          gammafunk_ghost_split, st_stairs_6, grunt_megastairs_3, uniq_nessos
Shoals:1: layout_shoals, uniq_donald, uniq_josephine
Shoals:2: layout_shoals, serial_shops, shop, nicolae_shoals_so_close,
          uniq_mlioglotl
Shoals:3: layout_shoals, regret_index_shoals_crete
Shoals:4: shoals_end_grunt_ice, layout_shoals
Orc:1:    layout_caves, serial_shops, shop, minmay_orc_temple_c, uniq_nergalle
Orc:2:    st_orc_pillars, layout_diamond_mine, serial_shops, shop, basic_altar,
          roderic_batcave, nicolae_shop_firing_range
Elf:1:    kennysheep_ambush_hall, layout_loops_cross, serial_shops,
          nicolae_diamond_shop

Skill      XL: |  1  2  3  4  5  6  7  8  9 10 11 12 13 14 15 16 |
---------------+-------------------------------------------------+-----
Unarmed Combat | 2 3 4 5 7 8 11 13 16 18 20 | 20.0
Spellcasting   | 7 |  7.2
Translocations | 3 |  3.1
Transmutations | 5 8 |  8.0
Fighting       | 7 10 11 | 11.0
Dodging        | 4 8 |  8.1
Invocations    | 9 10 | 10.1
Hexes          | 4 |  4.0
Conjurations   | 4 5 |  5.0
Armour         | 7 |  7.5
Shields        | |  2.6

Action                   |  1- 3 |  4- 6 |  7- 9 | 10-12 | 13-15 | 16-18 || total
-------------------------+-------+-------+-------+-------+-------+-------++-------
Melee: Unarmed           |   153 |   192 |   267 |   569 |  1109 |   317 ||  2607
       Kick              |    25 |    50 |    86 |   186 |   479 |   171 ||   997
       Punch             |       |       |       |       |     3 |    16 ||    19
Throw: Dart              |       |     4 |    10 |    51 |    18 |       ||    83
       Boomerang         |       |       |       |       |     1 |       ||     1
 Cast: Blink             |       |       |       |     3 |     1 |       ||     4
       Spider Form       |       |       |       |    16 |    24 |       ||    40
       Tukima's Dance    |       |       |       |       |     9 |     6 ||    15
       Blade Hands       |       |       |       |       |     4 |    13 ||    17
       Yara's Violent Un |       |       |       |       |     2 |     5 ||     7
       Irradiate         |       |       |       |       |     1 |       ||     1
Invok: Slouch            |       |       |       |     3 |    11 |    14 ||    28
 Abil: End Transformatio |       |       |       |       |     1 |       ||     1
Evoke: Wand              |       |       |    10 |     9 |     5 |     1 ||    25
       Condenser vane    |       |       |       |       |     1 |     1 ||     2
  Use: Potion            |       |     3 |     4 |     7 |     6 |     2 ||    22
       Scroll            |       |       |     7 |    24 |    11 |     3 ||    45
 Stab: Sleeping          |       |       |       |     1 |    10 |       ||    11
       Petrified         |       |       |       |       |     7 |       ||     7
       Distracted        |       |       |       |       |     3 |       ||     3
       Petrifying        |       |       |       |       |     2 |       ||     2
       Fleeing           |       |       |       |       |     1 |       ||     1
       Confused          |       |       |       |       |       |     1 ||     1
Armor: Scale mail        |    47 |    63 |    54 |    10 |       |       ||   174
       Skin              |       |       |     7 |    19 |    17 |       ||    43
       Steam dragon scal |       |       |       |    85 |   220 |    82 ||   387
Dodge: Dodged            |    44 |    43 |    63 |   282 |   979 |   237 ||  1648
Block: Buckler           |    40 |    60 |    66 |   214 |   423 |    90 ||   893
       Other             |       |       |       |    11 |    41 |    12 ||    64

Table legend: (Time is in decaauts)
 A = Elapsed time spent in this place.
 B = Non-inter-level travel time spent in this place.
 C = Inter-level travel time spent in this place.
 D = Time resting spent in this place.
 E = Time spent auto-exploring this place.
 F = Levels seen in this place.
 G = Mean time per level.
                   A        B        C        D        E       F      G
               +--------+--------+--------+--------+--------+-----+--------+
         Total |  54325 |  49282 |   5043 |  13040 |  22373 |  29 | 1873.3 |
       Dungeon |  25980 |  22658 |   3322 |   6499 |   9136 |  15 | 1732.0 |
        Temple |    277 |    245 |     32 |      0 |    232 |   1 |  277.0 |
          Lair |  16029 |  14857 |   1172 |   5168 |   7345 |   6 | 2671.5 |
        Shoals |   8116 |   7905 |    211 |    921 |   3936 |   4 | 2029.0 |
  Orcish Mines |   3485 |   3181 |    304 |    392 |   1723 |   2 | 1742.5 |
   Elven Halls |    436 |    436 |      0 |     59 |      0 |   1 |  436.0 |
               +--------+--------+--------+--------+--------+-----+--------+

Top non-repeatable levels by time:
  Lair:4: 3924 daAuts
  Lair:2: 3098 daAuts
    D:10: 2951 daAuts
  Lair:5: 2746 daAuts
    D:11: 2723 daAuts
  Lair:6: 2630 daAuts
    D:12: 2278 daAuts
     D:4: 2226 daAuts
  Lair:3: 2199 daAuts
   Orc:2: 2158 daAuts
Shoals:3: 2115 daAuts
Shoals:4: 2089 daAuts
Shoals:2: 2027 daAuts
Shoals:1: 1883 daAuts
     D:5: 1820 daAuts
